 Dungeon Crawl Stone Soup version 0.24.0-35-gdb84b6a5db (webtiles) character file.

Game seed: 12332370446438383859, levelgen mode: deterministic

46 Delamore the Chopper (level 3, -1/31 HPs)
             Began as a Hill Orc Fighter on Nov 18, 2019.
             Was an Initiate of Cheibriados.
             Slain by Crazy Yiuf
             ... wielding a +4 quarterstaff of chaos
              (9 damage)
             ... on level 2 of the Dungeon.
             The game lasted 00:01:23 (1313 turns).

Delamore the Chopper (Hill Orc Fighter)             Turns: 1313, Time: 00:01:23

Health: -1/31      AC:  6    Str: 20    XL:     3   Next: 66%
Magic:  3/3        EV:  7    Int:  9    God:    Cheibriados [......]
Gold:   102        SH:  9    Dex: 11    Spells: 2/2 levels left

rFire    . . .     SeeInvis .   a - +0 war axe
rCold    . . .     Gourm    .   c - +0 shield
rNeg     . . .     Faith    .   b - +0 scale mail
rPois    .         Spirit   .   (no helmet)
rElec    .         Reflect  .   (no cloak)
rCorr    .         Harm     .   (no gloves)
MR       .....                  (no boots)
Stlth    ..........             (no amulet)
HPRegen  0.10/turn              (no ring)
MPRegen  0.08/turn              (no ring)

@: lethally poisoned (-1 -> -5), very slightly contaminated, invisible, very
slow
A: no striking features
a: Bend Time, Renounce Religion


You were on level 2 of the Dungeon.
You worshipped Cheibriados.
Cheibriados was noncommittal.
You were hungry.

You visited 1 branch of the dungeon, and saw 2 of its levels.

You collected 102 gold pieces.

Inventory:

Hand Weapons
 a - a +0 war axe (weapon)
Armour
 b - a +0 scale mail (worn)
 c - a +0 shield (worn)
Scrolls
 e - a scroll of teleportation {unknown}
 h - a scroll of remove curse {unknown}
 j - 2 scrolls of identify {unknown}
 k - a scroll of random uselessness {unknown}
 l - a scroll of enchant weapon {unknown}
Potions
 d - 2 potions of might
 g - a potion of curing {unknown}
 i - a potion of heal wounds {unknown}
 m - a potion of haste {unknown}
Comestibles
 f - 5 rations


   Skills:
 - Level 3.6 Fighting
 + Level 5.2 Axes
 - Level 3.2 Armour
 - Level 3.2 Shields


You had 2 spell levels left.
You didn't know any spells.
Your spell library was empty.

Dungeon Overview and Level Annotations

Branches:
Dungeon (2/15)

Altars:
Cheibriados
Kikubaaqudgha

Annotations:
D:2 Crazy Yiuf


Message History

You barely miss Crazy Yiuf.
Crazy Yiuf is severely wounded.
You feel sick.
Crazy Yiuf hits you with a +4 quarterstaff of chaos.
Crazy Yiuf draws strength from your wounds!
You are too injured to fight recklessly!
You closely miss Crazy Yiuf.
Crazy Yiuf is severely wounded.
Crazy Yiuf hits you with a +4 quarterstaff of chaos.
Crazy Yiuf draws strength from your wounds!
You hit Crazy Yiuf but do no damage.
Crazy Yiuf is heavily wounded.
You feel sick.
Crazy Yiuf cries, "Hah!"
Crazy Yiuf hits you with a +4 quarterstaff of chaos.
* * * LOW HITPOINT WARNING * * *
Crazy Yiuf draws strength from your wounds!
Crazy Yiuf says, "Orb Orb Guardian aubergine!"
Crazy Yiuf hits you with a +4 quarterstaff of chaos!
You die...

#.......##
#..
######..#
#.. #..#
#.. #####
#..# #..
#)..# #..#
### #...#
#..# # ...
#..# #g#
#..# #@##
#.## ##.#
#.# #.##
#.# ##.#
#.# ##.##
#.# ##...#
#.# #....#
#.# #....#
#.#
#....###.#


You could see Crazy Yiuf.

Vanquished Creatures
  An ooze (D:2)
  An adder skeleton (D:2)
  2 dart slugs
  2 leopard geckos (D:1)
  A ball python (D:1)
  3 bats (D:1)
  2 giant cockroaches
  5 hobgoblins (D:1)
  5 kobolds
  A frilled lizard (D:2)
  5 goblins
  4 rats
32 creatures vanquished.

Notes
Turn   | Place    | Note
-------+----------+-------------------------------------------
     0 | D:1      | Delamore the Hill Orc Fighter began the quest for the Orb.
     0 | D:1      | Reached XP level 1. HP: 19/19 MP: 1/1
    73 | D:1      | Reached skill level 3 in Axes
   122 | D:1      | Reached XP level 2. HP: 24/26 MP: 2/2
   219 | D:1      | Reached skill level 4 in Axes
   455 | D:1      | Reached XP level 3. HP: 29/31 MP: 3/3
   839 | D:2      | Reached skill level 5 in Axes
  1067 | D:2      | Found an ancient bone altar of Kikubaaqudgha.
  1067 | D:2      | Found a snail-covered altar of Cheibriados.
  1072 | D:2      | Became a worshipper of Cheibriados the Contemplative
  1143 | D:2      | Found a runed translucent door.
  1144 | D:2      | Noticed Crazy Yiuf
  1313 | D:2      | Slain by Crazy Yiuf

Levels and vault maps discovered:
D:1:      eino_arrival_cavern_c, layout_basic
D:2:      minmay_wonky_spiral, layout_rooms, gammafunk_temple_overflow_wave,
          first_ration, uniq_crazy_yiuf_cottage

Skill      XL: |  1  2  3 |
---------------+----------+-----
Axes           | 3 4 5 |  5.2
Fighting       | |  3.6
Armour         | |  3.2
Shields        | |  3.2

Action                   || total
-------------------------++-------
Melee: War axe           ||    86
  Eat: Chunk             ||     1
Armor: Scale mail        ||    37
Dodge: Dodged            ||    27
Block: Shield            ||    45
